 Dungeon Crawl Stone Soup version 0.22-a0-803-gd6d8abe (webtiles) character file.

333 Kuinu the Firebug (level 6, 0/45 HPs)
             Began as a Draconian Fire Elementalist on July 22, 2018.
             Slain by Purgy (8 damage)
             ... in a sewer.
             The game lasted 00:20:04 (6565 turns).

Kuinu the Firebug (Draconian Fire Elementalist)     Turns: 6565, Time: 00:20:05

Health: 0/45       AC:  6    Str:  7 (10) XL:     6   Next: 27%
Magic:  2/11       EV: 12    Int: 16 (17) God:
Gold:   244        SH:  0    Dex: 10 (12) Spells: 2/12 levels left

rFire    . . .     SeeInvis .   c - +1 dagger
rCold    . . .     Gourm    .   (no shield)
rNeg     . . .     Faith    .   (armour unavailable)
rPois    .         Spirit   .   (helmet restricted)
rElec    .         Reflect  .   (no cloak)
rCorr    .         Harm     .   (no gloves)
MR       .....                  (no boots)
Stlth    ++........             (no amulet)
HPRegen  0.15/turn              (no ring)
MPRegen  0.12/turn              (no ring)

@: very slightly contaminated
A: unfitting armour, cold-blooded, AC +6
a: no special abilities


You were in a sewer.
You were not hungry.

You visited 1 branch of the dungeon, and saw 4 of its levels.
You also visited: Sewer.

You collected 244 gold pieces.

Inventory:

Hand Weapons
 c - a +1 dagger (weapon)
 d - a +0 whip
Scrolls
 a - 3 scrolls of remove curse
 e - a scroll of holy word {unknown}
 f - a scroll of fear
 g - a scroll of fog
 h - a scroll of enchant weapon
 j - a scroll of blinking {unknown}
 l - 2 scrolls of teleportation
Comestibles
 b - 7 rations


   Skills:
 - Level 2.1 Dodging
 + Level 2.8 Stealth
 * Level 3.6 Spellcasting
 * Level 3.3 Conjurations
 * Level 4.4 Fire Magic


You had 2 spell levels left.
You knew the following spells:

 Your Spells              Type           Power        Failure   Level  Hunger
a - Flame Tongue          Conj/Fire      ###..        3%          1    None
b - Throw Flame           Conj/Fire      ###...       5%          2    ##.....
c - Conjure Flame         Conj/Fire      ###.....     11%         3    ###....
d - Sticky Flame          Conj/Fire      ###.....     34%         4    ####...

Your spell library contained the following spells:

 Spells                   Type           Power        Failure   Level  Hunger
 Fireball                 Conj/Fire      ###.......   69%         5    ######.
 Inner Flame              Hex/Fire       ##......     22%         3    ###....


Dungeon Overview and Level Annotations

Branches:
Dungeon (4/15)
 Temple: D:4-7

Altars:
Trog

Shops:
D:4 }

Annotations:
D:3 3 runed doors, melvinkitnick's ghost, amateur TrFi Sewer Purgy


Innate Abilities, Weirdness & Mutations

Your plain brown scales are hard. (AC +6)
You cannot fit into any form of body armour.
You are cold-blooded and may be slowed by cold attacks.


Message History

You hit Purgy.
Purgy is moderately wounded.
Purgy bites you. Purgy claws you but does no damage. x2
You hit Purgy.
Purgy is moderately wounded.
You feel less wooden. Purgy misses you. Purgy closely misses you.
Purgy barely misses you.
You hit Purgy.
Purgy is moderately wounded.
Purgy snarls, "Go!
Away!"
Purgy bites you!
* * * LOW HITPOINT WARNING * * *
Purgy claws you but does no damage. Purgy barely misses you.
You closely miss Purgy.
Purgy is moderately wounded.
Purgy bites you but does no damage. Purgy claws you but does no damage. x2
You barely miss Purgy.
Purgy is moderately wounded.
Purgy bites you!
You die...

####.≈≈≈.#
####.≈≈≈.#
#.T'.≈≈≈.+
####.≈≈≈.#
#.≈≈≈.#
+.≈≈≈.+
#.≈≈≈.#
####.≈≈≈.#
#@T...∩..+
####.≈≈≈.#
#.≈≈≈.#
+.≈≈≈.+
#.≈≈≈.#
#.≈≈≈.#
+.≈≈≈.+
#.≈≈≈.#


You could see Purgy.

Vanquished Creatures
  A jelly (D:4)
  3 orc wizards (D:3)
  6 adders
  4 gnolls (D:3)
  8 oozes (D:4)
  An adder skeleton (D:4)
  5 leopard geckos
  7 orcs (D:3)
  6 bats
  7 giant cockroaches
  4 goblins
  10 hobgoblins
  2 quokkas
  4 frilled lizards
  10 kobolds
  7 rats
85 creatures vanquished.

Vanquished Creatures (others)
  A fungus (D:4)
  8 toadstools (D:4)
9 creatures vanquished.

Grand Total: 94 creatures vanquished

Notes
Turn   | Place    | Note
-------+----------+-------------------------------------------
     0 | D:1      | Kuinu the Draconian Fire Elementalist began the quest for the Orb.
     0 | D:1      | Reached XP level 1. HP: 14/14 MP: 3/3
   606 | D:1      | Reached XP level 2. HP: 20/20 MP: 3/5
   610 | D:1      | Learned a level 2 spell: Throw Flame
  1928 | D:1      | Reached XP level 3. HP: 26/26 MP: 3/6
  1935 | D:1      | Learned a level 3 spell: Conjure Flame
  3532 | D:3      | Reached XP level 4. HP: 31/33 MP: 2/8
  4065 | D:3      | Found a runed gate.
  4065 | D:3      | Found a runed gate.
  4065 | D:3      | Found a runed gate.
  4073 | D:3      | Noticed melvinkitnick's ghost (amateur TrFi)
  4652 | D:3      | Reached XP level 5. HP: 17/38 MP: 3/9
  4738 | D:3      | Reached skill level 4 in Fire Magic
  4840 | D:3      | Learned a level 4 spell: Sticky Flame
  6071 | D:4      | Reached XP level 6. HP: 37/45 MP: 4/11
  6267 | D:4      | Found Ynyeps's Gadget Shoppe.
  6299 | D:4      | Found a bloodstained altar of Trog.
  6319 | D:4      | Found a glowing drain.
  6468 | Sewer    | Entered a sewer
  6490 | Sewer    | Noticed Purgy
  6565 | Sewer    | Slain by Purgy

Vault maps used:
D:1:      zelgadis_glass_arrival_small, minmay_ruptured
D:2:      guppyfry_early_lair_pool
D:3:      gammafunk_ghost_necromancy
D:4:      cheibrodos_fertilizer, old_standard_altar,
          ebering_ghost_disaster_area, first_ration, portal_sewer_entry_a,
          serial_shops, kennysheep_mini_moat, shop_fountains,
          nicolae_shop_stone, minmay_misc_feat_alley,
          nicolae_tso_swordbearing_angel
Sewer:    kennysheep_door_sewer

Skill      XL: |  1  2  3  4  5 |
---------------+----------------+-----
Dodging        | 2 |  2.1
Stealth        | 2 |  2.8
Conjurations   | 2 3 |  3.3
Spellcasting   | 3 |  3.6
Fire Magic     | 4 |  4.4

Action                   |  1- 3 |  4- 6 || total
-------------------------+-------+-------++-------
Melee: Dagger            |     5 |   131 ||   136
       Tailslap          |       |    13 ||    13
 Cast: Flame Tongue      |    54 |    74 ||   128
       Throw Flame       |    13 |    14 ||    27
       Conjure Flame     |       |     4 ||     4
       Sticky Flame      |       |     5 ||     5
Evoke: Wand              |       |     2 ||     2
  Use: Scroll            |       |     8 ||     8
       Potion            |       |     6 ||     6
  Eat: Chunk             |     9 |     3 ||    12
       Ration            |       |     3 ||     3
Armor: Skin              |     4 |   104 ||   108
Dodge: Dodged            |    10 |   102 ||   112

Table legend:
 A = Spawn XP
 B = Non-spawn XP
 C = Spawn XP percentage of total XP
 D = Spawn monster count
 E = Non-spawn monster count
 F = Spawn count percentage of total count
 G = Total turns spent on level
                    A         B        C        D         E        F      G
               +---------+---------+-------+---------+---------+-------+---------
         Total |       0 |     476 |   0.0 |       0 |      85 |   0.0 |  6565
               +---------+---------+-------+---------+---------+-------+---------
           D:1 |       0 |      41 |   0.0 |       0 |      23 |   0.0 |  2016
           D:2 |       0 |      45 |   0.0 |       0 |      12 |   0.0 |  1318
           D:3 |       0 |     257 |   0.0 |       0 |      29 |   0.0 |  2502
           D:4 |       0 |     133 |   0.0 |       0 |      21 |   0.0 |   632
               +---------+---------+-------+---------+---------+-------+---------
